 Dungeon Sprint DCSS version bcrawl-1.38.3 (webtiles) character file.

Game seed: 14970269082071892437

416062 Groucho the Imperceptible (level 10, -20/63 HPs)
             Began as a Felid Berserker on May 12, 2023.
             Was the Champion of Trog.
             Killed from afar by a fire giant (26 damage)
             ... with a bolt of fire
             ... in the Dungeon (Sprint I: "Red Sonja") on May 30, 2023.
             The game lasted 00:20:20 (3628 turns).

Groucho the Imperceptible (Felid Berserker)         Turns: 3628, Time: 00:20:21

Health: -20/63     AC:  2    Str: 19    XL:     10   Next: 4%
Magic:  11/11      EV: 32    Int:  8    God:    Trog [******]
Gold:   2233       SH:  0    Dex: 18    Spells: 9/9 levels left
                                        Lives:  0   Deaths: 3

rFire    + . .     GDR:     29%   - Teeth and claws (30.1)
rCold    + . .     SeeInvis +   (shield unavailable)
rNeg     . . .     Gourm    .   (armour unavailable)
rPois    +         Faith    .   (helmet unavailable)
rElec    .         Spirit   .   (cloak restricted)
rCorr    .         Reflect  .   (gloves unavailable)
MR       +....     NoTele   +   (boots unavailable)
Stlth    ++++++++++             (no amulet)
HPRegen  1.50/turn              n - ring of Wuock {rPois rF+ rC+ Str+4}
MPRegen  0.12/turn              o - +3 ring of slaying

@: exhausted, regenerating, quick
A: very small, no armour, no weapons or thrown items, stealth, claws 1, fangs 3,
see invisible, carnivore, speed 1, shaggy fur 2, slow metabolism 1, sharp paws
a: Berserk, Trog's Hand, Brothers in Arms, Renounce Religion


You were in the Dungeon.
You worshipped Trog.
Trog was exalted by your worship.
You were not hungry.

You visited 1 branch You collected 3792 gold pieces.
You spent 1559 gold pieces at shops.

Inventory:

Jewellery
 m - the ring "Jaotaen" {+Fly Dex+4}
   (You bought it in a shop in the Dungeon)

   [ring of flight]

   It affects your dexterity (+4).
   It lets you fly.
 n - the ring of Wuock (left paw) {rPois rF+ rC+ Str+4}
   (You bought it in a shop in the Dungeon)

   [ring of poison resistance]

   It affects your strength (+4).
   It protects you from fire.
   It protects you from cold.
   It protects you from poison.
 o - a +3 ring of slaying (right paw)
 r - an uncursed ring of poison resistance
Wands
 h - a wand of polymorph (17)
 j - a wand of digging (8)
Scrolls
 b - a scroll of magic mapping
 q - 2 scrolls of remove curse
Potions
 a - 2 potions of magic
 c - a potion of degeneration
 d - 2 potions of haste
 f - a potion of berserk rage
 i - 2 potions of mutation
 k - a potion of lignification
 l - 2 potions of curing
 p - 2 potions of flight
 s - a potion of experience
Miscellaneous
 g - a phantom mirror
Comestibles
 e - 4 rations {!d}


   Skills:
 + Level 12.8 Fighting
 + Level 16.1 Dodging
 + Level 26.2 Stealth
 + Level 14.9 Unarmed Combat


You had 9 spell levels left.
You didn't know any spells.
Your spell library was empty.

Dungeon Overview and Level Annotations

Branches:
Dungeon (1/1)

Altars:
Cheibriados
Dithmenos
Elyvilon
Fedhas
Gozag
Hepliaklqana
Kikubaaqudgha
Lugonu
Makhleb
Nemelex Xobeh
Okawaru
Qazlal
Ru
Sif Muna
Trog
Uskayaw
Vehumet
Wu Jian
Xom
Yredelemnul
Zin
The Shining One
Jiyva

Shops:
D *(}![([![=%?(=[}?(:[[*

Annotations:
D exclusion: oklob plant


Innate Abilities, Weirdness & Mutations

You cannot wear almost all types of armour.
You are incapable of wielding weapons or throwing items.
Your paws allow you to move quietly. (Stealth)
You have sharp claws.
You have razor-sharp teeth.
You have supernaturally acute eyesight. (SInv)
You are carnivorous and can eat meat at any time.
You cover ground quickly.
You are covered in thick fur. (AC +2)
You have a slow metabolism.
Your sharp claws are effective at attacking unaware monsters.


Message History

No path to travel!
No path to travel!
No path to travel!
The fire giant shouts!
You mangle the fire giant!!
The fire giant is moderately wounded.
Okay, then.
Your skin crawls.
You feel somewhat more hungry.
The fire giant hits you with a +1 great sword of flaming!!
Ouch! That really hurt!
The fire giant burns you.
No path to travel!
No path to travel!
Your polar bear goes berserk!
The fire giant points at you and mumbles some strange words.
You resist. The bolt of fire hits you!!
* * * LOW HITPOINT WARNING * * *
The fire giant points at you and mumbles some strange words.
You resist. The bolt of fire hits you!!
You die...

#############################****
[.#..#§.§§'§.§.§.†§.#§§§§§.§#,,,,
..##'#§####§§§§§##..'§§#.§§§##,,,
..'.§#.#.###.§§#######§#.§§§§####
###..§§#'#.###§#|..##..#§§.§.#...
.##'####^☼.#.#)##...#..##.§..#(∩.
.#...^.#...[.#..###.#..≈###§##§..
.#...○.○.....##...#.#..≈.)#.####'
'###.°°#^....#h.@##.#..≈.##'#§.§§
.'.#.°°###++##C##C..#..≈##§§.§§.§
##.#°.###..###..#'###..≈#..^§§.§§
##.#^°####..###..†#P≈..##.§.§.§§.
##§##'#..#..#.###.#M≈..#......|§.
##§##)#...○...○.#.###..#...§.)..§
.§§####..○....○○#.#.+..##^^^§^^§.
##§#..'...○..####'#.##'##....§...
§#§#####...###..C.#[#≈≈≈##.......


You could see 2 fire giants and a friendly polar bear (berserk).

Vanquished Creatures
  A golden dragon (D)
  A shadow dragon (D)
  A fire giant (D)
  A lorocyproca (D)
  Sonja (D)
  2 centaur warriors (D)
  A deep troll (D)
  6 unseen horrors (D)
  A lindwurm (D)
  6 shining eyes (D)
  An oklob plant (D)
  A gargoyle (D)
  3 demonic crawlers (D)
  A hellwing (D)
  A meliai (D)
  A hornet (D)
  A slime creature (D)
  Sigmund (D)
  A yak (D)
  13 hogs (D)
  2 redbacks (D)
  A floating eye (D)
  7 necrophages (D)
  An ogre (D)
  8 jellies (D)
  Ijyb (D)
  A ballistomycete (D)
  A ballistomycete spore (D)
67 creatures vanquished.

Vanquished Creatures (collateral kills)
  A daeva (D)
  An unseen horror (D)
  2 shining eyes (D)
  2 kobold demonologists (D)
  A demonic crawler (D)
  5 floating eyes (D)
12 creatures vanquished.

Vanquished Creatures (others)
  the Lernaean hydra (D)
  A deep elf master archer (D)
  A hydra (D)
  2 merfolk sirens (D)
  A gargoyle (D)
  4 hornets (D)
  A floating eye (D)
  A ballistomycete spore (D)
12 creatures vanquished.

Grand Total: 91 creatures vanquished

Notes
Turn   | Place    | Note
-------+----------+-------------------------------------------
     0 | D        | Groucho the Felid Berserker began the quest for the Orb.
     0 | D        | Reached XP level 1. HP: 12/12 MP: 2/2
     2 | D        | Noticed Ijyb
     3 | D        | Reached skill level 6 in Stealth
     3 | D        | Reached XP level 2. HP: 16/16 MP: 3/3
    11 | D        | Killed Ijyb
    71 | D        | Noticed an ogre
    72 | D        | Reached skill level 10 in Stealth
    72 | D        | Reached XP level 3. HP: 20/20 MP: 4/4
    73 | D        | Killed an ogre
    87 | D        | Noticed Sigmund
    88 | D        | Reached skill level 13 in Stealth
    88 | D        | Reached XP level 4. HP: 24/24 MP: 5/5
    88 | D        | Reached XP level 5. HP: 28/28 MP: 6/6
    89 | D        | Killed Sigmund
    89 | D        | Reached ** piety under Trog
   101 | D        | Found a shimmering blue altar of Sif Muna.
   102 | D        | Found an ornate altar of the Wu Jian Council.
   103 | D        | Found a radiant altar of Vehumet.
   109 | D        | Found Zafaug's Distillery.
   109 | D        | Found an ancient bone altar of Kikubaaqudgha.
   109 | D        | Found a hazy altar of Hepliaklqana.
   109 | D        | Found a stormy altar of Qazlal.
   109 | D        | Found a hide-covered altar of Uskayaw.
   109 | D        | Found a blossoming altar of Fedhas.
   109 | D        | Found a bloodstained altar of Trog.
   109 | D        | Found an iron altar of Okawaru.
   109 | D        | Found a basalt altar of Yredelemnul.
   109 | D        | Found a glowing golden altar of the Shining One.
   109 | D        | Found a snail-covered altar of Cheibriados.
   109 | D        | Found a sacrificial altar of Ru.
   109 | D        | Found a glowing silver altar of Zin.
   109 | D        | Found a shadowy altar of Dithmenos.
   109 | D        | Found a white marble altar of Elyvilon.
   109 | D        | Noticed a yak
   110 | D        | Reached skill level 15 in Stealth
   110 | D        | Found an opulent altar of Gozag.
   111 | D        | Killed a yak
   112 | D        | Found a sparkling altar of Nemelex Xobeh.
   163 | D        | Found a viscous altar of Jiyva.
   163 | D        | Found a corrupted altar of Lugonu.
   163 | D        | Noticed a slime creature
   164 | D        | Reached skill level 16 in Stealth
   164 | D        | Gained mutation: You are covered in thick fur. (AC +2)
                  | [Felid growth]
   164 | D        | Reached XP level 6. HP: 32/32 MP: 7/7
   164 | D        | Found a burning altar of Makhleb.
   164 | D        | Found a shimmering altar of Xom.
   166 | D        | Killed a slime creature
   166 | D        | Reached *** piety under Trog
   190 | D        | Noticed a centaur warrior
   190 | D        | Noticed a centaur warrior
   191 | D        | Reached skill level 21 in Stealth
   191 | D        | Reached XP level 7. HP: 36/36 MP: 8/8
   191 | D        | Reached XP level 8. HP: 40/40 MP: 9/9
   191 | D        | Killed a centaur warrior
   192 | D        | Killed a centaur warrior
   209 | D        | Noticed a hornet
   212 | D        | Killed a hornet
   225 | D        | Noticed an oklob plant
   226 | D        | Reached skill level 22 in Stealth
   227 | D        | Killed an oklob plant
   227 | D        | Reached **** piety under Trog
   257 | D        | Reached skill level 5 in Dodging
   265 | D        | Reached ***** piety under Trog
   305 | D        | Noticed an unseen horror
   305 | D        | Noticed an unseen horror
   305 | D        | Reached skill level 5 in Fighting
   305 | D        | Reached XP level 9. HP: 47/47 MP: 10/10
   310 | D        | Killed an unseen horror
   312 | D        | Killed an unseen horror
   343 | D        | Reached skill level 23 in Stealth
   345 | D        | Reached ****** piety under Trog
   550 | D        | Found Noischo's Distillery.
   550 | D        | Found Cusybuw's Antique Armour Shop.
   550 | D        | Found Konol's Armour Boutique.
   552 | D        | Found Zuulakoz's Jewellery Emporium.
   552 | D        | Found Vauhu's Food Shop.
   552 | D        | Found Xiss's Magic Scroll Shoppe.
   552 | D        | Found Suablus's Antique Weapon Boutique.
   552 | D        | Found Rebag's Jewellery Emporium.
   552 | D        | Found Anih's Antique Armour Shop.
   552 | D        | Found Hueggont's Gadget Shoppe.
   556 | D        | Found Umoab's Magic Scroll Boutique.
   557 | D        | Found Woate's Book Emporium.
   557 | D        | Found Quedunoe's Antique Weapon Boutique.
   558 | D        | Found Igixt's Armour Emporium.
   570 | D        | Bought a wand of digging (12) for 338 gold pieces
   616 | D        | Noticed a deep troll
   618 | D        | Killed a deep troll
   630 | D        | Found Domiw's Armour Emporium.
   650 | D        | Bought a scarf of stasis for 91 gold pieces
   668 | D        | Noticed Sonja
   671 | D        | Killed Sonja
   685 | D        | Found Raycask's General Store.
   883 | D        | Bought the ring of Wuock {rPois rF+ rC+ Str+4} for 494 gold
                  | pieces
   896 | D        | Killed a hornet
   901 | D        | Killed a hornet
   923 | D        | Noticed a kobold demonologist
   924 | D        | Noticed a kobold demonologist
   930 | D        | Killed a kobold demonologist
   933 | D        | Killed a kobold demonologist
   943 | D        | Killed a hornet
   989 | D        | Noticed a demonic crawler
   989 | D        | Noticed a demonic crawler
   989 | D        | Noticed a demonic crawler
   989 | D        | Noticed a demonic crawler
   990 | D        | Reached skill level 10 in Dodging
   990 | D        | Reached XP level 10. HP: 56/56 MP: 11/11
   993 | D        | Killed a demonic crawler
   997 | D        | Killed a demonic crawler
  1001 | D        | Killed a demonic crawler
  1005 | D        | Killed a demonic crawler
  1049 | D        | Noticed a gargoyle
  1052 | D        | Killed a gargoyle
  1065 | D        | Noticed a lorocyproca
  1066 | D        | Reached skill level 10 in Unarmed Combat
  1072 | D        | Mangled by a lorocyproca
  1073 | D        | Reached XP level 9. HP: -11/52 MP: 0/10
  1091 | D        | Killed a lorocyproca
  1457 | D        | HP: 1/52 [meliai/divine providence (11)]
  1458 | D        | Killed a meliai
  1707 | D        | Killed a hornet
  1757 | D        | Killed a deep elf master archer
  1844 | D        | Noticed a lindwurm
  1845 | D        | Reached skill level 24 in Stealth
  1846 | D        | Killed a lindwurm
  1860 | D        | Reached XP level 10. HP: 56/58 MP: 11/11
  1892 | D        | Killed a 12-headed hydra
  1946 | D        | Killed the 27-headed Lernaean hydra
  2068 | D        | Killed a merfolk siren
  2175 | D        | Killed a merfolk siren
  2195 | D        | Noticed a deep elf annihilator
  2241 | D        | Noticed a shadow dragon
  2241 | D        | Noticed a golden dragon
  2242 | D        | Reached skill level 25 in Stealth
  2242 | D        | Reached XP level 11. HP: 65/65 MP: 12/12
  2246 | D        | Killed a shadow dragon
  2248 | D        | Killed a golden dragon
  2315 | D        | Found Weol Fae's General Store.
  2428 | D        | Bought the ring "Jaotaen" {+Fly Dex+4} for 356 gold pieces
  2488 | D        | Bought a scroll of identify for 22 gold pieces
  2488 | D        | Bought a scroll of identify for 22 gold pieces
  2495 | D        | Bought a scroll of identify for 22 gold pieces
  2525 | D        | Bought a scroll of identify for 22 gold pieces
  2533 | D        | Noticed a shining eye
  2533 | D        | Noticed a shining eye
  2533 | D        | Noticed a shining eye
  2533 | D        | Noticed a shining eye
  2533 | D        | Noticed a shining eye
  2533 | D        | Noticed a shining eye
  2535 | D        | Paralysed by a floating eye for 3 turns
  2544 | D        | Killed a shining eye
  2547 | D        | Killed a shining eye
  2549 | D        | Killed a shining eye
  2553 | D        | Killed a shining eye
  2555 | D        | Killed a shining eye
  2557 | D        | Killed a shining eye
  2558 | D        | Noticed a shining eye
  2558 | D        | Noticed a shining eye
  2560 | D        | Paralysed by a floating eye for 2 turns
  2572 | D        | Killed a shining eye
  2574 | D        | Killed a shining eye
  2605 | D        | Bought a potion of mutation for 88 gold pieces
  2628 | D        | Bought a potion of mutation for 104 gold pieces
  2656 | D        | Found Nusihoarph's Antique Armour Shop.
  2656 | D        | Found Reca Sui's Antique Weapon Shoppe.
  2656 | D        | Found Nammyoj's Antique Weapon Boutique.
  2656 | D        | Found Fukh's Gadget Emporium.
  2851 | D        | Noticed a daeva
  2853 | D        | Noticed an unseen horror
  2856 | D        | Killed a daeva
  2857 | D        | Killed an unseen horror
  3417 | D        | Noticed an unseen horror
  3417 | D        | Noticed an unseen horror
  3417 | D        | Noticed an unseen horror
  3417 | D        | Noticed an unseen horror
  3418 | D        | Reached skill level 15 in Dodging
  3422 | D        | Killed an unseen horror
  3429 | D        | Killed an unseen horror
  3437 | D        | Killed an unseen horror
  3440 | D        | Killed an unseen horror
  3478 | D        | Noticed a fire giant
  3481 | D        | Noticed a fire giant
  3481 | D        | Noticed a fire giant
  3482 | D        | Reached skill level 26 in Stealth
  3495 | D        | Killed from afar by a fire giant
  3496 | D        | Reached XP level 10. HP: -3/63 MP: 11/11
  3497 | D        | Noticed an oklob plant
  3499 | D        | Noticed a mummy priest
  3500 | D        | Reached XP level 11. HP: 67/67 MP: 12/12
  3531 | D        | Mangled by a fire giant
  3532 | D        | Reached XP level 10. HP: -10/63 MP: 11/11
  3554 | D        | Killed a fire giant
  3628 | D        | Killed from afar by a fire giant

Skill      XL: |  1  2  3  4  5  6  7  8  9 10 11 |
---------------+----------------------------------+-----
Stealth        | 6 10 13 16 21 22 24 25 26 | 26.2
Unarmed Combat | 6 11 12 14 | 14.9
Dodging        | 7 12 16 15 | 16.1
Fighting       | 5 9 11 12 | 12.8

Action                   |  1- 3 |  4- 6 |  7- 9 | 10-12 || total
-------------------------+-------+-------+-------+-------++-------
Melee: Unarmed           |     8 |     4 |    82 |   100 ||   194
       Bite              |       |       |     8 |    20 ||    28
       Punch             |       |       |     1 |    12 ||    13
Invok: Berserk           |     1 |       |     1 |     1 ||     3
       Brothers in Arms  |       |       |     1 |     5 ||     6
       Trog's Hand       |       |       |       |     4 ||     4
Evoke: Wand              |       |       |     3 |     1 ||     4
  Use: Scroll            |       |     1 |       |     8 ||     9
       Potion            |       |       |     2 |     1 ||     3
 Stab: Sleeping          |     1 |     4 |    21 |     3 ||    29
       Distracted        |       |       |       |     3 ||     3
  Eat: Chunk             |     1 |       |       |    10 ||    11
       Ration            |       |       |       |     1 ||     1
Armor: Skin              |       |       |     2 |       ||     2
Dodge: Dodged            |     2 |       |    61 |    98 ||   161
